 Dungeon Crawl Stone Soup version 0.24.0-2-g5b39cebb1c (webtiles) character file.

Game seed: 10907302711667819322, levelgen mode: deterministic

39923 night the Brawler (level 13, -5/133 HPs)
             Began as a Troll Fighter on Oct 30, 2019.
             Was a High Priest of Nemelex Xobeh.
             Slain by a harpy (13 damage)
             ... summoned by Kirke
             ... on level 6 of the Lair of Beasts.
             The game lasted 00:51:26 (13718 turns).

night the Brawler (Troll Fighter)                  Turns: 13718, Time: 00:51:28

Health: -5/133     AC:  0    Str: 31    XL:     13   Next: 71%
Magic:  0/16       EV: 14    Int:  4    God:    Nemelex Xobeh [*****.]
Gold:   1093       SH:  0    Dex:  9    Spells: 11/12 levels left

rFire    . . .     SeeInvis .     - Unarmed
rCold    . . .     Gourm    +   (shield currently unavailable)
rNeg     . . .     Faith    .   (armour currently unavailable)
rPois    .         Spirit   +   (helmet currently unavailable)
rElec    .         Reflect  .   (cloak currently unavailable)
rCorr    .         Harm     .   (gloves unavailable)
MR       .....                  (boots unavailable)
Stlth    +.........             n - amulet of guardian spirit
HPRegen  0.72/turn              (ring currently unavailable)
MPRegen  0.15/turn              (ring currently unavailable)

@: pig-form, very quick
A: small, unfitting armour, fast metabolism 3, gourmand, regeneration 1,
MP-powered wands
a: Draw Escape, Draw Destruction, Draw Summoning, Triple Draw, Deal Four, Stack
Five, Renounce Religion


You were on level 6 of the Lair of Beasts.
You worshipped Nemelex Xobeh.
Nemelex Xobeh was extremely pleased with you.
You were very full.
You were a filthy swine.
You visited 3 branches of the dungeon, and saw 17 of its levels.
You also visited: Volcano.

You collected 1093 gold pieces.

Inventory:

Hand Weapons
 b - a +0 hunting sling
 K - a +1 demon whip of flaming
Missiles
 g - 3 curare-tipped darts
 i - 61 poisoned darts
 s - 586 stones
 u - 79 sling bullets
 x - 7 boomerangs (quivered)
Armour
 e - the +1 cloak of Ufirem (melded) {Dex+7}
   (You found it on level 10 of the Dungeon)

   It affects your dexterity (+7).
 O - a +2 large shield of fire resistance (melded)
 Q - a +1 robe of fire resistance (melded)
Jewellery
 j - a +4 ring of evasion (melded)
 n - an amulet of guardian spirit (around neck)
 o - an uncursed ring of protection from magic
 v - an uncursed ring of protection from fire
 w - an uncursed ring of protection from fire
 z - a +3 ring of evasion (melded)
 D - an uncursed ring of poison resistance
 G - an uncursed ring of fire
 J - an uncursed ring of see invisible
 P - an uncursed ring of positive energy
 T - an uncursed ring of resist corrosion
 U - an uncursed ring of wizardry
Wands
 f - a wand of digging (12)
 q - a wand of random effects (10)
 C - a wand of enslavement (14)
 I - a wand of polymorph (9)
 N - a wand of disintegration (14)
Scrolls
 a - 4 scrolls of remove curse
 m - 7 scrolls of blinking
 p - 2 scrolls of teleportation
 y - a scroll of enchant armour
 B - 2 scrolls of fog
 R - a scroll of enchant weapon
Potions
 c - 3 potions of might
 h - 7 potions of curing
 k - 3 potions of haste
 l - 2 potions of invisibility
 r - a potion of resistance
 t - 4 potions of mutation
 A - 3 potions of flight
 H - 3 potions of lignification
 L - 2 potions of berserk rage
 V - a potion of brilliance
Miscellaneous
 E - a fan of gales
 M - a phantom mirror
Comestibles
 d - 26 rations


   Skills:
 + Level 10.1 Fighting
 - Level 2.4 Dodging
 + Level 10.1 Shields
 * Level 15.6 Unarmed Combat
 + Level 6.1 Invocations


You had 11 spell levels left.
You knew the following spells:

 Your Spells              Type           Power        Failure   Level  Hunger
a - Confusing Touch       Hex            #.....       50%         1    ##.....

Your spell library contained the following spells:

 Spells                   Type           Power        Failure   Level  Hunger
 Animate Skeleton         Necr           N/A          50%         1    ##.....
 Apportation              Tloc           #.....       50%         1    ##.....
 Infusion                 Chrm           #...         50%         1    ##.....
 Summon Butterflies       Summ           #.......     50%         1    ##.....
 Summon Small Mammal      Summ           #...         50%         1    ##.....
 Blink                    Tloc           N/A          65%         2    ###....
 Shroud of Golubria       Chrm/Tloc      #.....       65%         2    ###....
 Song of Slaying          Chrm           #.......     65%         2    ###....
 Call Canine Familiar     Summ           #.......     86%         3    ####...
 Gell's Gravitas          Tloc           #.........   86%         3    ####...
 Lesser Beckoning         Tloc           #.........   86%         3    ####...
 Regeneration             Chrm/Necr      #.........   86%         3    ####...
 Spectral Weapon          Hex/Chrm       #.......     86%         3    ####...
 Teleport Other           Tloc           #.......     86%         3    ####...
 Passage of Golubria      Tloc           N/A          99%         4    #####..
 Summon Ice Beast         Ice/Summ       #.......     99%         4    #####..
 Summon Lightning Spire   Summ/Air       #.......     99%         4    #####..
 Silence                  Hex/Air        #.........   100%        5    ######.
 Summon Mana Viper        Hex/Summ       #.......     100%        5    ######.
 Conjure Ball Lightning   Conj/Air       #.........   100%        6    #######
 Deflect Missiles         Chrm/Air       #.........   100%        6    #######
 Summon Hydra             Summ           #.........   100%        7    #######
 Tornado                  Air            #.........   100%        9    #######


Dungeon Overview and Level Annotations

Branches:
Dungeon (10/15)            Temple (1/1) D:6            Lair (6/6) D:10
 Shoals (0/4) Lair:4       Spider (0/4) Lair:3          Orc (0/2) D:10
Volcano (visited)
  Slime: Lair:5-6

Altars:
Ashenzari
Cheibriados
Dithmenos
Elyvilon
Fedhas
Gozag
Hepliaklqana
Kikubaaqudgha
Makhleb
Nemelex Xobeh
Okawaru
Qazlal
Ru
Sif Muna
Trog
Uskayaw
Vehumet
Wu Jian
Xom
Yredelemnul
Zin
The Shining One

Annotations:
D:2 2 transporters
D:4 exclusion: oklob plant
D:7 1 runed translucent door, Lanoc's ghost, novice OgCK
Lair:4 1 runed translucent door, Odimp's ghost, journeyman KoWn
Lair:6 Kirke


Innate Abilities, Weirdness & Mutations

You are too large for most types of armour.
((You have claws for hands.))
Your metabolism is lightning-fast.
You like to eat raw meat.
Your natural rate of healing is unusually fast.
((You are covered in thick fur. (AC +2)))
((You have extremely tough skin. (AC +3)))
((Your flesh is cold resistant. (rC+)))
You expend magic power (3 MP) to strengthen your wands.


Message History

The harpy screeches!
The harpy claws you! The harpy closely misses you. The harpy claws you! x2
The harpy screeches!
The harpy claws you! The harpy claws you.
The harpy screeches!
The harpy claws you!!
The harpy claws you! x2; The harpy claws you.
There is a stone staircase leading up, spattered with blood here.
The harpy claws you!
* * * LOW HITPOINT WARNING * * *
The harpy closely misses you. x2; The harpy claws you.
* * * LOW HITPOINT WARNING * * *
The harpy claws you!
* * * LOW HITPOINT WARNING * * *
The harpy claws you.
* * * LOW HITPOINT WARNING * * *
The harpy claws you!
* * * LOW HITPOINT WARNING * * *
The harpy barely misses you. The harpy claws you!
You die...
Your body glows with a rainbow of weird colours and disappears.

##..........@
##...h...PPP..
##P.[..#.#.P##.
#####...hh.##.###..
#.##.....###### ##.
##.#....## ####.
##.#.....## ##.##.
#.......#)#####.....
#..hH.....##.#......
##...H.....#.........
##.....P...#......P##.
##......##.........###.
###........#P........P##.
#.........##..#......≈...
##....P..............P...
##.....P....≈...).≈≈P≈≈≈..
#.....#...PP[≈.≈≈≈≈≈#≈P≈≈≈


You could see 2 harpies and 2 hogs.

Vanquished Creatures
  4 hydras
  Erica (D:9)
  A shock serpent (D:9)
  Sonja (Lair:2)
  A sun demon (Volcano)
  A lindwurm (Lair:6)
  An ugly thing (Volcano)
  An orc sorcerer (Volcano)
  5 black mambas
  A gargoyle (D:9)
  2 molten gargoyles (Volcano)
  19 spiny frogs
  6 komodo dragons
  2 rime drakes (Lair:5)
  A red devil (Volcano)
  3 polar bears (Lair:5)
  8 tyrant leeches (Lair:6)
  12 blink frogs
  4 hippogriffs
  3 redbacks (Lair:3)
  A wyvern (Lair:2)
  2 hogs (Lair:6)
  5 fire bats (Volcano)
  Eustachio (D:6)
  39 yaks
  5 swamp worms (Lair:6)
  4 vampire mosquitoes (Lair:6)
  Grum (Lair:1)
  11 water moccasins
  2 hell hounds (Volcano)
  7 porcupines
  3 orc warriors
  3 black bears
  4 ogres
  A necrophage (D:9)
  2 phantoms
  3 wolves (Lair:1)
  A centaur (D:9)
  7 crocodiles
  A big kobold (D:9)
  24 bullfrogs
  5 scorpions
  13 killer bees
  A howler monkey (D:5)
  4 electric eels
  6 crimson imps
  A centaur zombie (D:10)
  7 lava snakes (Volcano)
  3 quasits
  A hound (D:5)
  3 jellies
  2 orc priests (D:4)
  A gnoll shaman (D:4)
  An orc wizard (D:4)
  2 bullfrog skeletons
  3 centaur skeletons
  12 worker ants
  4 iguanas
  Terence (D:2)
  A worker ant zombie (D:8)
  3 gnolls (D:4)
  8 adders
  2 shadow imps
  An ooze (D:1)
  2 adder skeletons
  2 adder zombies (D:8)
  2 worms (D:2)
  6 dart slugs
  4 leopard geckos
  31 orcs
  2 ball pythons (D:1)
  4 giant cockroaches
  8 goblins
  7 hobgoblins
  7 jackals
  2 quokkas
  9 bats
  4 frilled lizards
  A jackal skeleton (D:4)
  11 kobolds
  5 rats
  A plant (Lair:3)
397 creatures vanquished.

Vanquished Creatures (collateral kills)
  2 hydras
  A komodo dragon (Lair:5)
  A tyrant leech (Lair:6)
  An electric eel (Lair:6)
5 creatures vanquished.

Vanquished Creatures (others)
  A blink frog (Lair:6)
  2 hogs (Lair:6)
  A hound (D:4)
  A bush (Lair:6)
  14 fungi
  66 plants
85 creatures vanquished.

Grand Total: 487 creatures vanquished

Notes
Turn   | Place    | Note
-------+----------+-------------------------------------------
     0 | D:1      | night the Troll Fighter began the quest for the Orb.
     0 | D:1      | Reached XP level 1. HP: 22/22 MP: 0/0
    77 | D:1      | Reached XP level 2. HP: 29/29 MP: 1/1
   256 | D:1      | Reached XP level 3. HP: 36/36 MP: 2/2
   414 | D:1      | Reached skill level 3 in Unarmed Combat
   895 | D:2      | Noticed Terence
   906 | D:2      | Killed Terence
   906 | D:2      | Reached XP level 4. HP: 35/44 MP: 3/3
   995 | D:2      | Found a transporter.
  1006 | D:2      | Found an opulent altar of Gozag.
  1006 | D:2      | Found a transporter.
  1030 | D:2      | Found a snail-covered altar of Cheibriados.
  1039 | D:2      | Found a glowing silver altar of Zin.
  1039 | D:2      | Found a shimmering altar of Xom.
  1203 | D:2      | Learned a level 1 spell: Confusing Touch
  1929 | D:3      | Reached skill level 4 in Unarmed Combat
  1929 | D:3      | Reached XP level 5. HP: 53/53 MP: 4/4
  2297 | D:4      | Noticed an orc warrior
  2307 | D:4      | Killed an orc warrior
  2309 | D:4      | Reached XP level 6. HP: 47/61 MP: 5/5
  2386 | D:4      | Reached skill level 5 in Unarmed Combat
  2615 | D:4      | Reached XP level 7. HP: 66/68 MP: 4/6
  2678 | D:4      | Found a shimmering altar of Xom.
  3009 | D:4      | Found a blossoming altar of Fedhas.
  3023 | D:4      | Noticed an oklob plant
  3393 | D:5      | Entered Level 5 of the Dungeon
  3434 | D:5      | Reached skill level 6 in Unarmed Combat
  4023 | D:6      | Reached XP level 8. HP: 79/79 MP: 7/7
  4027 | D:6      | Noticed Eustachio
  4033 | D:6      | Killed Eustachio
  4033 | D:6      | Reached skill level 7 in Unarmed Combat
  4204 | D:6      | Found a staircase to the Ecumenical Temple.
  4224 | Temple   | Entered the Ecumenical Temple
  4306 | Temple   | Became a worshipper of Nemelex Xobeh the Trickster
  4573 | D:6      | Received a gift from Nemelex Xobeh
  4747 | D:7      | Found a runed translucent door.
  4767 | D:7      | Reached skill level 5 in Fighting
  4767 | D:7      | Reached skill level 5 in Shields
  4902 | D:7      | Noticed Lanoc's ghost (novice OgCK)
  5046 | D:7      | Reached skill level 8 in Unarmed Combat
  5082 | D:7      | Received a gift from Nemelex Xobeh
  5251 | D:8      | Gained mutation: Your flesh is cold resistant. (rC+)
                  | [potion of mutation]
  5251 | D:8      | Gained mutation: You are covered in thick fur. (AC +2)
                  | [potion of mutation]
  5251 | D:8      | Gained mutation: You expend magic power (3 MP) to
                  | strengthen your wands. [potion of mutation]
  5258 | D:8      | Reached * piety under Nemelex Xobeh
  5437 | D:8      | Noticed a hippogriff
  5452 | D:8      | Killed a hippogriff
  5452 | D:8      | Reached XP level 9. HP: 82/88 MP: 6/8
  5620 | D:8      | Reached skill level 9 in Unarmed Combat
  6048 | D:9      | Noticed Erica
  6063 | D:9      | Killed Erica
  6063 | D:9      | Reached skill level 10 in Unarmed Combat
  6180 | D:9      | Noticed a two-headed ogre
  6183 | D:9      | Noticed a shock serpent
  6183 | D:9      | a two-headed ogre changed into a shock serpent
  6191 | D:9      | Killed a shock serpent
  6191 | D:9      | Reached XP level 10. HP: 47/99 MP: 4/9
  6314 | D:9      | Noticed a gargoyle
  6327 | D:9      | Killed a gargoyle
  6437 | D:9      | Received a gift from Nemelex Xobeh
  6539 | D:9      | Reached ** piety under Nemelex Xobeh
  6575 | D:9      | Noticed Psyche
  6614 | D:9      | Found an ornate altar of the Wu Jian Council.
  6799 | D:10     | Entered Level 10 of the Dungeon
  6836 | D:10     | Found a staircase to the Orcish Mines.
  6843 | D:10     | Reached skill level 11 in Unarmed Combat
  6864 | D:10     | Got a twisted cloak
  6870 | D:10     | Identified the +1 cloak of Ufirem {Dex+7} (You found it on
                  | level 10 of the Dungeon)
  7003 | D:10     | Found a staircase to the Lair.
  7689 | Lair:1   | Entered Level 1 of the Lair of Beasts
  7772 | Lair:1   | Found a white marble altar of Elyvilon.
  7779 | Lair:1   | Noticed a black mamba
  7793 | Lair:1   | Killed a black mamba
  7809 | Lair:1   | Received a gift from Nemelex Xobeh
  7816 | Lair:1   | Noticed a spiny frog
  7823 | Lair:1   | Killed a spiny frog
  7823 | Lair:1   | Reached skill level 12 in Unarmed Combat
  7823 | Lair:1   | Reached XP level 11. HP: 100/108 MP: 10/10
  7839 | Lair:1   | Reached *** piety under Nemelex Xobeh
  7845 | Lair:1   | Noticed Grum
  7862 | Lair:1   | Killed Grum
  8481 | Lair:2   | Noticed Sonja
  8487 | Lair:2   | Killed Sonja
  8526 | Lair:2   | Received a gift from Nemelex Xobeh
  8620 | Lair:2   | Found a dark tunnel.
  8633 | Volcano  | Entered a volcano
  8836 | Volcano  | Found a bloodstained altar of Trog.
  8836 | Volcano  | Noticed a red ugly thing
  8836 | Volcano  | Noticed a sun demon
  8843 | Volcano  | Killed a red ugly thing
  8852 | Volcano  | Killed a sun demon
  8905 | Volcano  | Reached skill level 13 in Unarmed Combat
  8978 | Volcano  | Noticed an orc sorcerer
  8988 | Volcano  | Killed an orc sorcerer
  9335 | Lair:2   | Reached skill level 1 in Invocations
  9381 | Lair:2   | Received a gift from Nemelex Xobeh
  9742 | Lair:3   | Reached **** piety under Nemelex Xobeh
  9742 | Lair:3   | Received a gift from Nemelex Xobeh
  9849 | Lair:3   | Reached XP level 12. HP: 116/122 MP: 10/12
  9913 | Lair:3   | Got a dazzling rapier
  9914 | Lair:3   | Identified the +2 rapier "Orb Guardian's Curse" {pierce,
                  | rF+++ Stlth-} (You found it on level 3 of the Lair of
                  | Beasts)
 10265 | Lair:3   | Noticed a four-headed hydra
 10412 | Lair:3   | Killed an eight-headed hydra
 10441 | Lair:3   | Noticed an eight-headed hydra
 10446 | Lair:3   | Killed a nine-headed hydra
 10627 | Lair:3   | Found a hole to the Spider Nest.
 10639 | Lair:3   | Reached skill level 14 in Unarmed Combat
 10861 | Lair:4   | Received a gift from Nemelex Xobeh
 10875 | Lair:4   | Found a staircase to the Shoals.
 11228 | Lair:4   | Noticed an eight-headed hydra
 11237 | Lair:4   | Killed an eight-headed hydra
 11493 | Lair:4   | Reached ***** piety under Nemelex Xobeh
 11589 | Lair:4   | Found a runed translucent door.
 11590 | Lair:4   | Noticed Odimp's ghost (journeyman KoWn)
 12263 | Lair:5   | Noticed an eight-headed hydra
 12278 | Lair:5   | Killed a 13-headed hydra
 12278 | Lair:5   | Reached XP level 13. HP: 55/131 MP: 7/15
 12372 | Lair:5   | Received a gift from Nemelex Xobeh
 12709 | Lair:6   | Entered Level 6 of the Lair of Beasts
 12719 | Lair:6   | Reached skill level 5 in Invocations
 12724 | Lair:6   | Reached skill level 15 in Unarmed Combat
 13133 | Lair:6   | Reached skill level 10 in Fighting
 13133 | Lair:6   | Reached skill level 10 in Shields
 13449 | Lair:6   | Received a gift from Nemelex Xobeh
 13464 | Lair:6   | Noticed Kirke
 13718 | Lair:6   | Slain by a harpy

Levels and vault maps discovered:
D:1:      dpeg_arrival_leaves_temple_mockup, layout_basic,
          chequers_serial_rivers_large_a, minmay_fountain_box, minmay_3d_cube
D:2:      layout_rooms, chequers_temple_overflow_statue_of_worship,
          gammafunk_temple_overflow_arena, uniq_terence
D:3:      layout_basic, chequers_serial_rivers_small_b
D:4:      layout_loops_cross, tgw_fedhas, chequers_big_river, st_stairs_8,
          xom_confusion_cloud
D:5:      layout_rooms, first_ration
D:6:      layout_gridville, minmay_temple_entry_sparse_star,
          hangedman_abyss_or_decor_lesser_grid, kennysheep_nondescript,
          uniq_eustachio
D:7:      layout_basic, ebering_ghost_reflecting_pool
D:8:      layout_loops_ring
D:9:      layout_basic, lemuel_coloured_pillars_altar, uniq_erica, uniq_psyche
D:10:     layout_cross, lair_entry_dummy
Temple:   eino_temple_rhombus
Lair:1:   layout_loops_ring, basic_altar, uniq_grum
Lair:2:   layout_roguey, nicolae_volcano_entry_two_sided, uniq_sonja
Lair:3:   layout_roguey, spider_nest_entry_a, nicolae_quartered_pool_little,
          infiniplex_staircase_pool_2
Lair:4:   layout_gridlike, shoals_dummy_entry, ebering_ghost_inner_flame,
          columned_hall_lemuel, infiniplex_staircase_pool
Lair:5:   layout_misc_corridors, serial_bayou_pond_e, cheibrodos_lair_lostbears
Lair:6:   minmay_lair_end_frog_pond, layout_concentric_octagons, slime_altar_2,
          gammafunk_ghost_berserking_beasts, worms_lemuel, uniq_kirke

Skill      XL: |  1  2  3  4  5  6  7  8  9 10 11 12 13 |
---------------+----------------------------------------+-----
Unarmed Combat | 3 4 5 6 8 10 12 13 14 15 | 15.6
Fighting       | 3 4 5 6 7 8 9 10 | 10.1
Shields        | 3 4 5 6 7 8 9 10 | 10.1
Invocations    | 1 4 6 |  6.1
Dodging        | |  2.4

Action                   |  1- 3 |  4- 6 |  7- 9 | 10-12 | 13-15 || total
-------------------------+-------+-------+-------+-------+-------++-------
Melee: Unarmed           |   104 |   140 |   365 |   590 |   243 ||  1442
       Demon whip        |       |       |       |    14 |       ||    14
 Fire: Hunting sling     |       |     2 |       |       |       ||     2
Throw: Boomerang         |       |       |     4 |     5 |       ||     9
 Abil: Draw Destruction  |       |       |     1 |    11 |    10 ||    22
       Draw Summoning    |       |       |       |     5 |     3 ||     8
       Draw Escape       |       |       |       |     1 |     4 ||     5
Evoke: Wand              |       |       |       |       |     2 ||     2
  Use: Scroll            |       |       |    10 |    14 |     3 ||    27
       Potion            |       |       |     1 |     4 |     2 ||     7
 Stab: Sleeping          |       |       |       |     1 |       ||     1
       Distracted        |       |       |       |       |     1 ||     1
  Eat: Chunk             |    12 |    18 |    33 |    55 |    13 ||   131
Armor: Robe              |    19 |    18 |    53 |    83 |    24 ||   197
Dodge: Dodged            |    26 |    58 |   175 |   257 |    60 ||   576
Block: Shield            |    40 |    42 |   164 |   157 |       ||   403
       Large shield      |       |       |       |   270 |   202 ||   472
